Map: [ESL] Moondance

Players

Clem

  • Race: Terran Terran
  • Spawn Location: 6:00

Lambo - Winner!

  • Race: Zerg Zerg
  • Spawn Location: 12:00

Event: DreamHack SC2 Masters 2022 Atlanta (Online)

VOD

Have the link to the VOD?

Description

Time

  • Played on: Oct. 13, 2022, 2:30 p.m.
  • Length: 23:59

All games in this series

Show
View Real Time Build Order
Export as new Build Order

Clem Terran 

Build Orders: Reaper Expand 

Get SALT Encoding   

  12  0:00  SCV  
  13  0:12  SCV  
  14  0:16  Supply Depot  
  14  0:24  SCV  
  15  0:38  SCV  
  15  0:40  Barracks  
  15  0:42  Refinery  
  16  0:50  SCV  
  17  1:02  SCV  
  18  1:14  SCV  
  19  1:26  Reaper, Orbital Command  
  20  1:39  Command Center  
  20  1:46  Supply Depot  
  20  1:52  SCV  
  21  1:58  Marine  
  22  2:04  SCV  
  23  2:09  Factory  
  23  2:16  SCV  
  23  2:19  Barracks Reactor  
  24  2:28  SCV  
  25  2:38  Command Center  
  25  2:40  SCV  
  26  2:51  Orbital Command  
  26  2:54  SCV  
  27  2:59  Hellion  
  27  3:01  Barracks Tech Lab  
  27  3:03  Hellion  
  31  3:06  SCV  
  31  3:12  Barracks  
  32  3:16  Refinery  
  32  3:17  SCV  
  32  3:19  SCV  
  34  3:23  Marine  
  34  3:25  Stimpack  
  35  3:29  SCV  
  35  3:31  Hellion  
  35  3:33  SCV  
  39  3:37  Hellion  
  39  3:41  Marine  
  42  3:43  SCV  
  42  3:45  SCV  
  44  3:52  Orbital Command  
  44  3:55  SCV  
  45  3:57  SCV  
  45  4:02  Marine, Starport  
  47  4:06  Refinery  
  47  4:07  SCV  
  47  4:08  Refinery, Factory Reactor  
  47  4:09  Marine  
  49  4:11  Marine  
  49  4:12  SCV  
  51  4:18  Supply Depot, SCV  
  51  4:19  SCV  
  53  4:24  SCV  
  53  4:27  Marine x2  
  53  4:29  Marine  
  53  4:30  SCV  
  58  4:31  SCV  
  58  4:36  SCV  
  60  4:41  Supply Depot  
  60  4:42  SCV  
  60  4:43  SCV  
  60  4:44  Marine x2  
  64  4:46  Marine  
  64  4:48  SCV  
  64  4:51  Factory  
  64  4:52  Medivac  
  68  4:53  Factory Reactor  
  68  4:55  SCV  
  69  5:03  SCV, Medivac, Marine  
  69  5:04  Marine x2  
  69  5:05  Supply Depot, Armory  
  69  5:06  SCV  
  76  5:08  SCV  
  77  5:14  Refinery  
  77  5:20  Combat Shield  
  77  5:26  Supply Depot, SCV x3, Marine  
  77  5:27  Supply Depot  
  81  5:29  Marine x2  
  81  5:30  Widow Mine  
  85  5:38  Supply Depot  
  85  5:40  Engineering Bay x2  
  85  5:44  Factory Tech Lab  
  85  5:47  Marine x2  
  85  5:48  SCV x3, Widow Mine  
  92  5:50  Supply Depot  
  92  5:52  Medivac, Widow Mine  
  92  5:53  Medivac  
  98  5:58  Barracks  
  98  6:00  SCV  
  98  6:02  Supply Depot, SCV x2  
  98  6:04  Drilling Claws  
  101  6:06  Widow Mine  
  101  6:07  Marine x2  
  101  6:08  Marine  
  101  6:10  Terran Infantry Weapons Level 1  
  106  6:13  Terran Infantry Armor Level 1  
  106  6:14  SCV  
  106  6:16  Widow Mine  
  106  6:18  Widow Mine  
  111  6:25  Marine x2  
  113  6:26  Marine  
  113  6:28  Medivac  
  113  6:30  Medivac  
  116  6:36  Supply Depot  
  116  6:41  Widow Mine  
  116  6:42  Marine  
  116  6:43  Marine  
  116  6:44  Marine  
  116  6:46  Barracks Reactor  
  121  6:48  Widow Mine x2  
  121  6:50  Command Center  
  118  6:54  Supply Depot  
  118  6:57  Medivac  
  118  7:00  Marine x2  
  122  7:02  Widow Mine, Marine  
  122  7:05  Supply Depot  
  122  7:07  Supply Depot  
  125  7:08  Terran Vehicle And Ship Armor Level 1  
  125  7:09  Widow Mine  
  127  7:18  Supply Depot x2, Marine x2  
  127  7:20  Marine  
  130  7:23  Marine x2  
  132  7:31  Siege Tank  
  132  7:32  Widow Mine  
  132  7:33  Supply Depot  
  132  7:36  Marine x2  
  139  7:37  Marine  
  139  7:39  Widow Mine  
  139  7:41  Marine x2  
  138  7:45  Medivac  
  138  7:47  Barracks  
  138  7:49  Barracks  
  136  7:53  Widow Mine  
  136  7:54  Marine x2  
  136  7:55  SCV x3, Marine  
  142  7:58  Medivac, Marine  
  142  7:59  Marine  
  142  8:01  Widow Mine  
  146  8:08  Widow Mine  
  146  8:09  SCV x2  
  146  8:11  Marine  
  146  8:12  Marine  
  152  8:13  Marine  
  152  8:14  SCV  
  152  8:15  Medivac  
  152  8:16  Marine x2  
  154  8:23  Planetary Fortress  
  154  8:24  Sensor Tower  
  154  8:25  SCV  
  155  8:27  Widow Mine  
  155  8:28  Medivac, Widow Mine  
  155  8:29  SCV, Marine x2  
  155  8:31  Marine  
  155  8:32  SCV  
  155  8:33  Widow Mine  
  161  8:38  SCV, Marine  
  164  8:42  SCV  
  164  8:44  SCV  
  164  8:45  Barracks Reactor, Barracks Tech Lab  
  164  8:48  Refinery, Medivac  
  168  8:49  Refinery, Widow Mine  
  168  8:53  SCV  
  168  8:54  Command Center  
  170  8:58  Terran Infantry Weapons Level 2  
  170  9:00  Supply Depot, SCV x2  
  170  9:02  Widow Mine  
  174  9:07  Terran Infantry Armor Level 2  
  173  9:10  SCV  
  173  9:11  SCV, Marine x2  
  173  9:12  SCV  
  176  9:19  Marine x2  
  176  9:20  Widow Mine, Siege Tank  
  176  9:21  SCV, Marauder, Marine  
  176  9:22  SCV  
  188  9:25  SCV  
  188  9:26  Factory  
  188  9:29  Marine  
  182  9:34  Medivac  
  182  9:35  Widow Mine  
  182  9:37  SCV, Marine x2  
  189  9:40  Marine x4  
  189  9:44  SCV, Marine  
  189  9:45  SCV  
  172  9:47  Marine  
  172  9:52  Siege Tank  
  166  9:53  SCV  
  166  9:55  Marine x2  
  166  9:56  Medivac  
  166  9:57  Widow Mine  
  166  9:58  Marine x4  
  166  9:59  Terran Vehicle Weapons Level 1, SCV  
  176  10:01  Marine  
  176  10:04  SCV x2  
  176  10:05  Command Center, Marine  
  178  10:10  Factory Tech Lab  
  178  10:11  Barracks  
  178  10:13  Barracks  
  178  10:18  Barracks  
  178  10:20  Widow Mine x2, Marauder  
  184  10:23  Medivac  
  186  10:30  Refinery  
  186  10:31  Refinery, Widow Mine, Marine  
  188  10:36  Marine x3  
  188  10:38  Siege Tank  
  188  10:40  Command Center  
  194  10:43  SCV  
  194  10:47  Marine  
  194  10:48  SCV, Sensor Tower  
  195  10:51  Planetary Fortress  
  195  10:54  Marine  
  195  10:55  Sensor Tower, Marauder  
  196  11:01  Marine  
  195  11:04  Barracks Tech Lab, Siege Tank  
  195  11:06  Ghost Academy, Barracks Tech Lab  
  196  11:14  Siege Tank  
  195  11:19  Command Center  
  195  11:24  Marine  
  195  11:25  Barracks Tech Lab, Marine x2  
  177  11:26  Marauder  
  177  11:27  Marauder  
  177  11:28  Marauder  
  183  11:36  Siege Tank  
  183  11:37  Command Center  
  183  11:38  Ghost  
  188  11:44  Terran Infantry Weapons Level 3  
  188  11:45  Missile Turret x2  
  188  11:46  Ghost  
  188  11:49  Terran Infantry Armor Level 3  
  190  11:56  Siege Tank  
  193  12:04  Marine  
  193  12:05  Marine x5  
  193  12:06  Marine x2  
  193  12:08  Medivac, Siege Tank  
  185  12:12  Orbital Command  
  177  12:16  Marauder, Marine  
  180  12:25  Ghost x2  
  180  12:28  Siege Tank  
  187  12:33  Terran Vehicle Weapons Level 2  
  187  12:34  Missile Turret  
  187  12:36  Sensor Tower  
  187  12:37  Command Center  
  187  12:39  Ghost  
  187  12:40  Siege Tank  
  187  12:43  Widow Mine x2  
  188  12:45  Ghost  
  190  12:53  Orbital Command  
  190  12:54  Command Center  
  190  12:57  Ghost  
  192  12:59  Refinery, Marine  
  192  13:00  Ghost  
  192  13:03  Ghost  
  197  13:09  Ghost  
  199  13:16  Siege Tank  
  198  13:21  Refinery, Planetary Fortress  
  196  13:34  Marauder x2, Marine  
  196  13:40  Siege Tank  
  182  13:41  Widow Mine x2  
  182  13:43  Marauder, Marine x2  
  182  13:44  Marine  
  182  13:45  Marine x2  
  182  13:46  Marauder x2  
  177  13:48  Siege Tank  
  177  13:52  Marine  
  177  13:55  Marine x2  
  172  14:01  Planetary Fortress, Marine x3  
  172  14:02  Command Center, Marine  
  174  14:03  Marine  
  174  14:06  Marine x2  
  174  14:07  Marauder  
  180  14:13  Liberator x2  
  180  14:14  Orbital Command  
  184  14:17  Infernal Pre-Igniter  
  184  14:21  Armory  
  184  14:23  Factory  
  184  14:30  Missile Turret x2  
  184  14:33  Command Center  
  184  14:37  Ghost  
  184  14:38  Ghost  
  188  14:42  Ghost x2  
  190  14:46  Missile Turret  
  193  14:52  Siege Tank  
  193  14:56  Marine x2  
  193  14:57  Marauder  
  197  15:03  Marine x2  
  197  15:04  Personal Cloaking  
  196  15:07  Terran Vehicle Weapons Level 3, Marauder  
  180  15:15  Medivac  
  180  15:17  Siege Tank  
  180  15:20  Marine  
  180  15:21  Marauder, Marine x3  
  168  15:22  Marine x2  
  168  15:25  Siege Tank, Marauder  
  168  15:26  Marine  
  168  15:33  Widow Mine  
  168  15:34  Widow Mine  
  172  15:49  Siege Tank  
  175  15:51  Factory Tech Lab, Sensor Tower  
  178  15:57  Siege Tank  
  178  16:04  Refinery  
  173  16:09  Refinery  
  173  16:11  Siege Tank  
  151  16:12  Marauder, Marine x2  
  151  16:16  SCV  
  143  16:19  Medivac  
  143  16:20  SCV  
  143  16:21  SCV, Siege Tank, Marine x2  
  143  16:23  Marauder, Marine x2  
  143  16:25  SCV x2  
  150  16:29  Siege Tank  
  150  16:30  Marine x2, Widow Mine, Enhanced Shockwaves, Orbital Command, Ghost x3  
  150  16:32  SCV  
  164  16:33  Marine  
  165  16:42  Command Center  
  165  16:43  Siege Tank  
  165  16:44  Marine x3  
  165  16:45  Marauder  
  173  16:50  Sensor Tower, Orbital Command  
  173  16:51  Missile Turret, Marauder  
  173  16:53  Marine  
  176  16:56  SCV  
  176  16:59  Marauder  
  176  17:00  Ghost x2  
  180  17:05  Widow Mine x2  
  180  17:06  Ghost  
  183  17:12  Widow Mine  
  183  17:13  Ghost  
  183  17:15  Medivac x2  
  171  17:19  Siege Tank x2  
  144  17:25  Marine x2  
  144  17:26  SCV  
  144  17:27  Marine  
  144  17:29  SCV  
  110  17:30  Marine  
  110  17:33  Siege Tank  
  110  17:37  Ghost  
  102  17:38  Marine x2  
  102  17:41  Marine x2  
  108  17:47  Marine x2  
  108  17:48  Marine x3  
  108  17:49  Nuke  
  113  17:53  Marauder  
  113  17:57  Widow Mine  
  113  17:58  Widow Mine  
  119  17:59  Siege Tank  
  119  18:03  Siege Tank  
  125  18:10  Siege Tank  
  128  18:13  Medivac  
  128  18:14  Medivac  
  128  18:17  Marauder x2, Marine  
  137  18:26  Ghost x2  
  137  18:28  Widow Mine  
  137  18:29  SCV, Widow Mine  
  137  18:31  Siege Tank  
  137  18:33  SCV x2  
  151  18:35  Marine x4  
  151  18:36  Marine  
  134  18:52  Orbital Command  
  134  18:53  Siege Tank  
  134  18:55  Medivac  
  127  18:56  Ghost  
  127  18:57  Marine  
  127  19:00  Marine  
  127  19:01  SCV  
  123  19:03  Medivac, Widow Mine  
  123  19:07  SCV  
  123  19:08  Marine x2  
  128  19:10  SCV  
  128  19:11  Marine x2  
  128  19:13  Marine x2  
  128  19:14  SCV  
  128  19:15  Marine x3  
  137  19:20  SCV x2  
  137  19:24  Hellbat  
  141  19:25  Medivac  
  141  19:27  Hellbat  
  141  19:30  SCV x2  
  147  19:33  Liberator  
  147  19:35  SCV x2  
  148  19:41  Refinery x2  
  148  19:43  Sensor Tower  
  146  19:46  Siege Tank  
  146  19:47  Siege Tank  
  152  19:54  Siege Tank, Hellbat  
  152  19:56  Hellbat  
  152  19:59  Ghost  
  161  20:07  Command Center  
  161  20:15  Orbital Command  
  161  20:16  Hellbat  
  161  20:17  Hellbat, Marauder, Marine  
  166  20:24  Marauder, Marine  
  166  20:27  Marauder, Marine x2  
  166  20:28  Marine x3  
  134  20:31  Marine  
  134  20:34  SCV, Marine  
  118  20:37  Siege Tank x2  
  118  20:38  SCV  
  118  20:39  SCV x2  
  118  20:40  Marauder  
  118  20:42  Hellbat x2  
  132  20:43  SCV x2  
  134  20:52  SCV x3  
  134  20:53  Marine x2  
  139  20:58  Liberator  
  139  21:03  Siege Tank  
  145  21:08  Ghost  
  147  21:13  Refinery  
  147  21:22  Sensor Tower  
  147  21:29  Widow Mine x2  
  147  21:30  Command Center  
  147  21:31  Siege Tank  
  151  21:36  Ghost x2  
  155  21:44  Siege Tank  
  138  21:51  Marine x2, Ghost  
  138  21:53  SCV x3  
  138  21:54  Marine  
  112  21:55  SCV x2  
  112  22:00  Marine  
  104  22:02  Orbital Command  
  104  22:03  Marine  
  104  22:04  SCV x2  
  104  22:06  Marine x2  
  104  22:08  Siege Tank, Marine  
  107  22:10  SCV  
  107  22:15  SCV x3  
  112  22:17  Marine  
  112  22:18  Marine  
  112  22:22  Siege Tank  
  117  22:27  Ghost  
  119  22:35  Widow Mine x2, Siege Tank  
  126  22:38  Ghost  
  128  22:44  SCV x2, Sensor Tower  
  128  22:46  Ghost  
  128  22:48  Ghost  
  128  22:49  Marine  
  135  22:54  SCV x2  
  135  22:55  SCV, Refinery x2  
  141  22:58  Siege Tank  
  141  23:09  Orbital Command  
  141  23:12  Hellbat x2  
  113  23:17  Marine  
  113  23:18  Marine x2  
  113  23:19  Marine  
  85  23:21  SCV  
  85  23:22  Marine  
  85  23:23  SCV  
  85  23:25  SCV, Marine  
  85  23:26  Marine x2  
  70  23:27  Hellbat  
  70  23:28  Marine x2  
  70  23:29  Marine  
  70  23:33  SCV  
  72  23:35  Marine  
Show
View Real Time Build Order
Export as new Build Order

Lambo Zerg - Winner!

Build Orders: Pool First 

Get SALT Encoding   

  12  0:00  Drone  
  13  0:12  Overlord  
  13  0:16  Drone  
  14  0:30  Drone x2  
  14  0:35  Drone  
  17  0:43  Spawning Pool  
  17  0:46  Drone  
  17  1:06  Hatchery  
  17  1:09  Drone  
  17  1:13  Drone  
  17  1:15  Extractor  
  17  1:18  Drone  
  18  1:29  Queen  
  18  1:31  Zergling x2  
  21  1:39  Overlord  
  21  1:49  Drone  
  22  2:01  Drone  
  23  2:05  Queen  
  25  2:11  Drone  
  25  2:15  Hatchery  
  25  2:19  Drone  
  25  2:22  Drone  
  27  2:28  Metabolic Boost  
  27  2:32  Drone  
  27  2:34  Drone  
  29  2:39  Drone x2  
  31  2:49  Queen  
  31  2:51  Overlord  
  33  2:55  Drone  
  34  2:59  Drone x2  
  36  3:10  Queen  
  38  3:13  Drone x4  
  38  3:15  Drone  
  38  3:18  Drone  
  44  3:25  Overlord  
  44  3:27  Queen  
  44  3:28  Drone  
  44  3:29  Drone  
  48  3:37  Queen  
  50  3:44  Drone x3  
  50  3:45  Drone  
  50  3:47  Overlord  
  50  3:48  Overlord  
  54  3:52  Drone x3  
  54  3:53  Drone  
  58  3:57  Overlord  
  58  4:03  Overlord  
  58  4:05  Queen  
  58  4:08  Zergling x2  
  58  4:09  Zergling x2  
  62  4:10  Overlord  
  62  4:15  Zergling x6  
  65  4:20  Zergling x2  
  68  4:26  Overlord  
  68  4:27  Drone x2  
  70  4:32  Drone  
  70  4:33  Lair  
  70  4:35  Drone x4, Extractor  
  70  4:37  Drone  
  70  4:38  Drone  
  74  4:45  Hatchery  
  74  4:46  Drone x3  
  74  4:49  Drone x2  
  74  4:51  Drone x2  
  80  4:56  Spore Crawler  
  80  4:57  Spore Crawler x2  
  80  4:59  Drone x2  
  80  5:00  Drone  
  80  5:02  Baneling Nest  
  80  5:04  Drone x3  
  80  5:05  Extractor  
  86  5:07  Drone x3  
  86  5:09  Extractor, Overlord  
  86  5:11  Extractor  
  86  5:12  Queen  
  87  5:17  Extractor  
  87  5:19  Overlord  
  87  5:21  Overlord  
  87  5:26  Drone  
  88  5:29  Spore Crawler  
  88  5:30  Zergling x10  
  93  5:35  Zergling x14  
  93  5:39  Zergling x4  
  101  5:47  Overlord  
  101  5:49  Centrifugal Hooks  
  101  5:50  Drone x2  
  101  5:52  Drone x3, Evolution Chamber  
  101  5:53  Queen  
  101  5:54  Evolution Chamber  
  106  5:59  Overlord x2  
  106  6:01  Drone x2  
  106  6:03  Drone  
  109  6:07  Drone x3  
  109  6:08  Hydralisk Den, Drone  
  109  6:10  Drone x2  
  114  6:15  Drone x3  
  117  6:21  Zergling x8  
  117  6:29  Zergling x6  
  119  6:34  Drone x7  
  119  6:39  Overlord  
  122  6:43  Drone x2  
  122  6:44  Zerg Ground Armor Level 1, Zerg Melee Weapons Level 1  
  122  6:45  Baneling x3  
  120  6:49  Grooved Spines  
  120  6:53  Hydralisk x2  
  124  6:57  Drone x2  
  124  6:58  Drone  
  127  7:06  Baneling x4, Hatchery  
  127  7:07  Zergling x12  
  132  7:11  Spore Crawler  
  131  7:16  Zergling x4, Baneling  
  131  7:17  Zergling x2  
  131  7:20  Drone x2  
  131  7:21  Drone x4  
  140  7:23  Extractor  
  140  7:26  Overseer  
  136  7:38  Drone x6  
  136  7:39  Drone x2  
  129  7:46  Drone x7  
  129  7:49  Zergling x2  
  136  7:53  Baneling  
  136  7:54  Baneling x2  
  136  7:55  Overlord  
  136  7:57  Queen, Overlord  
  136  8:01  Muscular Augments, Drone x3  
  136  8:04  Overlord x2  
  135  8:15  Spore Crawler  
  135  8:16  Zergling x18  
  135  8:18  Pneumatized Carapace  
  135  8:19  Drone x2  
  129  8:22  Overseer  
  129  8:27  Drone x3  
  129  8:32  Hydralisk  
  129  8:33  Hydralisk  
  132  8:39  Overseer  
  124  8:43  Drone x10  
  124  8:44  Spore Crawler  
  124  8:48  Hydralisk x2  
  133  8:50  Baneling x10  
  133  8:53  Hydralisk x3  
  133  8:55  Baneling x2  
  143  8:58  Drone  
  143  9:00  Queen x2  
  143  9:02  Hydralisk  
  150  9:06  Overlord  
  150  9:07  Zergling x6  
  147  9:17  Zergling x20  
  144  9:30  Zergling x10  
  145  9:32  Zerg Melee Weapons Level 2, Zerg Ground Armor Level 2  
  145  9:34  Zergling x2  
  145  9:35  Zergling x4  
  147  9:42  Zergling x14  
  147  9:44  Zergling x2  
  128  9:47  Zergling x6  
  128  9:50  Drone  
  129  9:53  Spore Crawler  
  129  9:56  Spore Crawler  
  129  9:59  Drone x4  
  125  10:01  Baneling x6  
  125  10:03  Drone x3  
  128  10:09  Drone x3  
  128  10:11  Infestation Pit  
  128  10:12  Drone x3  
  133  10:19  Drone x6  
  139  10:21  Drone x2  
  139  10:25  Drone  
  139  10:26  Drone x2  
  143  10:28  Hydralisk  
  143  10:29  Hydralisk  
  147  10:41  Zergling x24  
  147  10:42  Baneling x3  
  159  10:48  Zergling x8  
  163  10:50  Drone, Hive  
  164  10:59  Overlord  
  164  11:00  Zergling x2  
  164  11:01  Zergling x14  
  172  11:05  Overlord  
  172  11:12  Overlord  
  172  11:15  Zergling x4  
  174  11:22  Zergling x14  
  162  11:25  Zergling x8  
  162  11:28  Baneling x12, Queen x3  
  162  11:29  Hydralisk  
  162  11:30  Zergling x8  
  162  11:32  Baneling x12  
  174  11:34  Zergling x2  
  174  11:38  Zergling x6  
  178  11:47  Zergling x6  
  178  11:48  Baneling x7  
  181  11:55  Zergling x14  
  181  11:56  Hatchery  
  181  11:58  Overlord  
  185  12:04  Zergling x12  
  179  12:10  Overlord  
  179  12:12  Zergling x2  
  179  12:13  Zergling x6  
  169  12:18  Zergling x6  
  169  12:20  Zerg Ground Armor Level 3, Zerg Melee Weapons Level 3  
  170  12:26  Viper x2  
  176  12:31  Hatchery  
  176  12:33  Zergling x18  
  184  12:40  Zergling x2  
  184  12:41  Zergling x8  
  184  12:42  Baneling x8  
  186  12:48  Zergling x14  
  186  12:54  Overseer  
  186  12:55  Overseer  
  186  13:00  Drone x5  
  186  13:01  Drone  
  186  13:02  Zergling x8  
  196  13:07  Zergling x8  
  198  13:12  Zergling x2  
  198  13:13  Zergling x6  
  198  13:16  Zergling x2  
  196  13:21  Drone x2  
  196  13:22  Zergling x4  
  200  13:33  Zergling x4  
  197  13:37  Zergling x20  
  187  13:44  Zergling x2  
  187  13:45  Zergling x12  
  181  13:50  Zergling x14  
  177  13:56  Adrenal Glands  
  177  13:58  Hydralisk x5  
  180  14:06  Zergling x12  
  180  14:08  Baneling x16  
  184  14:16  Zergling x18  
  193  14:17  Baneling x18  
  193  14:20  Spore Crawler  
  193  14:22  Spore Crawler, Zergling x10  
  196  14:28  Zergling x6  
  199  14:47  Overlord  
  199  14:52  Zergling x14  
  200  14:53  Baneling  
  200  14:54  Baneling x11  
  196  15:07  Zergling x2  
  196  15:08  Zergling x6  
  196  15:13  Zergling x2  
  196  15:14  Zergling x44  
  199  15:17  Zergling x8  
  193  15:22  Hydralisk  
  192  15:29  Zerg Missile Weapons Level 1  
  192  15:32  Zergling x22  
  198  15:36  Drone  
  198  15:38  Spore Crawler  
  198  15:41  Spore Crawler  
  197  15:43  Baneling x34  
  197  15:50  Zergling x4  
  199  16:03  Zergling x2  
  199  16:04  Zergling x22  
  174  16:15  Zergling x48  
  183  16:20  Zergling x4  
  174  16:26  Hydralisk x5  
  174  16:27  Spore Crawler  
  174  16:29  Zergling x6  
  174  16:32  Zergling x10  
  191  16:34  Overseer  
  191  16:35  Overseer  
  191  16:37  Baneling x16  
  191  16:40  Hatchery  
  191  16:42  Drone x3  
  191  16:43  Zergling x12  
  198  16:49  Zergling x2  
  198  16:50  Zergling x2  
  198  16:52  Drone x2  
  197  17:02  Drone x3  
  192  17:16  Zergling x34  
  192  17:19  Overseer x2  
  192  17:21  Zergling x18  
  191  17:29  Zergling x12  
  175  17:33  Zergling x2  
  175  17:35  Drone  
  169  17:38  Viper x2  
  169  17:40  Baneling x6  
  169  17:44  Hydralisk x3  
  175  17:46  Drone x3  
  175  17:51  Zergling x14, Hydralisk  
  184  17:56  Overseer  
  194  17:58  Drone x2  
  194  18:00  Drone x3  
  194  18:03  Baneling x7  
  198  18:12  Baneling x9  
  198  18:16  Zergling x2  
  198  18:18  Baneling x17  
  199  18:21  Spore Crawler  
  199  18:22  Spine Crawler  
  199  18:26  Baneling x8  
  197  18:27  Zergling x6  
  200  18:35  Extractor  
  165  18:50  Zergling x50  
  171  18:56  Zergling x20  
  157  19:03  Zergling x14  
  157  19:07  Zergling x2  
  157  19:09  Baneling x16  
  165  19:14  Baneling x7  
  164  19:21  Zergling x18  
  170  19:27  Spore Crawler  
  169  19:38  Zergling x28  
  183  19:43  Zergling x12  
  189  19:47  Hydralisk x2  
  193  19:54  Hydralisk x3  
  199  20:06  Hatchery  
  198  20:20  Zergling x24  
  193  20:28  Zergling x34  
  171  20:32  Zergling x2  
  171  20:33  Zergling x8  
  169  20:36  Hydralisk  
  163  20:46  Drone x3  
  163  20:47  Hydralisk x5  
  163  20:48  Zergling x4  
  176  20:52  Baneling x18  
  176  20:54  Drone  
  176  20:55  Baneling x2  
  177  20:58  Drone x6  
  177  21:01  Spore Crawler  
  182  21:05  Zergling x16  
  190  21:14  Zergling x20  
  190  21:16  Baneling  
  199  21:24  Zergling x2  
  200  21:28  Spore Crawler x2  
  196  21:38  Zergling x2  
  196  21:39  Zergling x8  
  173  21:47  Zergling x48  
  173  21:51  Zergling x2, Overseer x2  
  173  21:53  Zergling x2  
  168  21:58  Zergling x8  
  158  22:02  Zergling x8  
  158  22:03  Hydralisk  
  155  22:13  Zergling x22, Baneling  
  155  22:14  Baneling x19  
  155  22:15  Baneling x2  
  165  22:19  Hydralisk x2  
  165  22:20  Hydralisk x2, Spine Crawler  
  165  22:21  Overseer  
  165  22:22  Overseer, Spine Crawler  
  170  22:26  Zergling x10  
  175  22:33  Zergling x2  
  175  22:34  Zergling x4  
  178  22:37  Zergling x10  
  178  22:39  Overseer  
  178  22:43  Zergling x14, Hatchery  
  189  23:04  Zergling x10  
  189  23:05  Zergling x4  
  168  23:14  Zergling x44  
  171  23:22  Zergling x18  
  171  23:26  Hydralisk x6  
  180  23:31  Zergling x4  
  173  23:36  Zergling x12  
  176  23:42  Zergling x2  
Tags
 
Add a new tag
Caveats
  • Supply blocks, unpowered buildings, or Contaminate may cause inaccurate times.
  • Supply counts are checked every 10 seconds.